 Dungeon Crawl Stone Soup version 0.24.0-123-gd5b16e6ec5 (webtiles) character file.

Game seed: 4329634225663438228, levelgen mode: deterministic

61 Curus the Chopper (level 3, 0/31 HPs)
             Began as a Draconian Berserker on Jan 26, 2020.
             Was a Follower of Trog.
             Succumbed to a worker ant's poison
             ... on level 2 of the Dungeon.
             The game lasted 00:03:25 (784 turns).

Curus the Chopper (Draconian Berserker)              Turns: 784, Time: 00:03:26

Health: 0/31       AC:  5    Str: 19    XL:     3   Next: 83%
Magic:  3/3        EV: 12    Int:  7    God:    Trog [*.....]
Gold:   73         SH:  0    Dex: 11    Spells: 2/2 levels left

rFire    . . .     SeeInvis .   a - +1 hand axe
rCold    . . .     Gourm    .   (no shield)
rNeg     . . .     Faith    .   (armour unavailable)
rPois    .         Spirit   .   (helmet restricted)
rElec    .         Reflect  .   (no cloak)
rCorr    .         Harm     .   (no gloves)
MR       .....                  (no boots)
Stlth    +.........             (no amulet)
HPRegen  0.10/turn              (no ring)
MPRegen  0.08/turn              (no ring)

@: lethally poisoned (0 -> -4), berserk cooldown, flying (expiring), slowed,
very slow
A: unfitting armour, cold-blooded, AC +5
a: Berserk, Renounce Religion


You were on level 2 of the Dungeon.
You worshipped Trog.
Trog was aware of your devotion.
You were not hungry.

You visited 1 branch of the dungeon, and saw 2 of its levels.

You collected 73 gold pieces.

Inventory:

Hand Weapons
 a - a +1 hand axe (weapon)
Jewellery
 e - an uncursed ring of fire
Scrolls
 c - 2 scrolls of identify
 d - a scroll of amnesia
Comestibles
 b - 3 rations
 f - 2 chunks of flesh


   Skills:
 - Level 3.2 Fighting
 + Level 4.8 Axes
 - Level 2.6 Dodging


You had 2 spell levels left.
You didn't know any spells.
Your spell library was empty.

Dungeon Overview and Level Annotations

Branches:
Dungeon (2/15)

Altars:
Uskayaw


Innate Abilities, Weirdness & Mutations

Your plain brown scales are hard. (AC +5)
You cannot fit into any form of body armour.
You are cold-blooded and may be slowed by cold attacks.


Message History

You pass out from exhaustion.
You feel yourself slow down.
* * * LOW HITPOINT WARNING * * *
You feel sick.
You can move again.
* * * LOW HITPOINT WARNING * * *
You feel sick.
Found a stone staircase leading down.
* * * LOW HITPOINT WARNING * * *
You feel sick. The rat bites you but does no damage.
You barely miss the rat.
You are starting to lose your buoyancy.
The rat bites you but does no damage.
You hit the rat but do no damage.
* * * LOW HITPOINT WARNING * * *
You feel sick. The rat barely misses you. The rat misses you.
You hit the rat.
You kill the rat!
Trog accepts your kill.
You die...

#......# #..#...## #
###........ #.
..........
##.##.##########.8.8.8..
........................
#......@......#.........
#......######.#.......#
#....>. #.......)_#
##..#+# #.........#.
##.. ######...........
..... #................
##....##.####....8.8.8..
..........###...........
#.....##..#....†.#....##


There were no monsters in sight!

Vanquished Creatures
  A worker ant (D:2)
  A worm (D:2)
  2 dart slugs (D:1)
  A leopard gecko (D:1)
  3 giant cockroaches
  4 hobgoblins (D:1)
  3 bats
  2 frilled lizards (D:1)
  4 goblins
  3 kobolds (D:1)
  6 rats
30 creatures vanquished.

Notes
Turn   | Place    | Note
-------+----------+-------------------------------------------
     0 | D:1      | Curus the Draconian Berserker began the quest for the Orb.
     0 | D:1      | Reached XP level 1. HP: 19/19 MP: 1/1
    90 | D:1      | Reached XP level 2. HP: 26/26 MP: 2/2
   322 | D:1      | Reached skill level 4 in Axes
   685 | D:2      | Reached XP level 3. HP: 24/31 MP: 3/3
   708 | D:2      | Found a hide-covered altar of Uskayaw.
   781 | D:2      | HP: 1/31 [poisoned by a worker ant]
   784 | D:2      | Succumbed to a worker ant's poison

Levels and vault maps discovered:
D:1:      dpeg_arrival_long_road, layout_rooms, corner_web_ring,
          amethyst_killhole
D:2:      layout_basic, eat_drink_and_be_merry_uskayaw, serial_forest,
          infiniplex_forest_straight_2, infiniplex_forest_lined_1,
          infiniplex_forest_end_2, infiniplex_forest_lined_ring,
          infiniplex_forest_diagonal, infiniplex_forest_straight_2,
          infiniplex_forest_straight_5, infiniplex_forest_clump_medium,
          infiniplex_forest_clump_curved, first_ration, minmay_quantized,
          uniq_robin

Skill      XL: |  1  2 |
---------------+-------+-----
Axes           | 4 |  4.8
Fighting       | |  3.2
Dodging        | |  2.6

Action                   || total
-------------------------++-------
Melee: Hand axe          ||    95
       Tailslap          ||    12
Invok: Berserk           ||     1
  Use: Potion            ||     4
       Scroll            ||     3
  Eat: Chunk             ||     1
Armor: Skin              ||    13
Dodge: Dodged            ||    58
